 Dungeon Crawl Stone Soup version 0.30-a0-596-g0af90f9a20 (webtiles) character file.

Game seed: 5197973230684316861

4643 Newt the Trooper (level 10, -5/81 HPs)
             Began as a Demonspawn Gladiator on Jan 6, 2023.
             Was a Follower of Dithmenos.
             Slain by a boulder beetle (37 damage)
             ... on level 7 of the Dungeon.
             The game lasted 00:14:35 (9236 turns).

Newt the Trooper (Demonspawn Gladiator)             Turns: 9236, Time: 00:14:36

Health: -5/81      AC: 13    Str: 17    XL:     10   Next: 20%
Magic:  1/3        EV: 14    Int:  8    God:    Dithmenos [*.....]
Gold:   21         SH:  6    Dex: 22    Spells: 9/9 levels left

rFire   . . .      SeeInvis .    a - +0 rapier
rCold   . . .      Faith    +    K - +2 buckler
rNeg    . . .      Spirit   .    J - +1 leather armour "Qygromp" {Fly}
rPois   .          Reflect  .    (helmet restricted)
rElec   +          Harm     .    p - +2 cloak
rCorr   .          Rampage  .    (no gloves)
Will    +....      Clarity  +    (no boots)
Stlth   ++++                     F - amulet of faith
HPRegen 0.33/turn                C - +6 ring of dexterity
MPRegen 0.08/turn                v - ring of Higry {rElec Will+ MP-9 AC+4}

@: flying, wreathed by umbra
A: claws 1, rugged brown scales 1, demonic guardian 2, horns 1, clarity, dopey
1, MP-powered wands
a: Renounce Religion


You were on level 7 of the Dungeon.
You worshipped Dithmenos.
Dithmenos was aware of your devotion.
You visited 1 branch of the dungeon, and saw 8 of its levels.

You collected 515 gold pieces.
You spent 494 gold pieces at shops.

Inventory:

Hand Weapons
 a - a +0 rapier (weapon)
Missiles
 e - a javelin
 o - 16 poisoned darts (quivered)
 u - 9 boomerangs
Armour
 b - a +0 leather armour
 c - a +1 helmet
 p - a +2 cloak (worn)
 J - the +1 leather armour "Qygromp" (worn) {Fly}
   (You bought it in a shop on level 4 of the Dungeon)

   Fly:       It grants you flight.
 K - a +2 buckler (worn)
Jewellery
 m - a +5 ring of evasion
 v - the ring of Higry (right claw) {rElec Will+ MP-9 AC+4}
   (You found it on level 3 of the Dungeon)

   [ring of protection]

   AC:        It affects your AC (+4).
   rElec:     It insulates you from electricity.
   MP:        It affects your magic capacity (-9).
   Will:      It increases your willpower.
 C - a +6 ring of dexterity (left claw)
 E - an amulet of the acrobat
 F - an amulet of faith (around neck)
Wands
 z - a wand of mindburst (5)
 B - a wand of acid (2)
 D - a wand of flame (20)
 G - a wand of digging (4)
Scrolls
 d - 3 scrolls of blinking
 h - 2 scrolls of enchant weapon
 i - a scroll of immolation
 k - a scroll of teleportation
 l - a scroll of poison
 n - 3 scrolls of identify
 t - a scroll of fog
 w - 2 scrolls of vulnerability
 y - a scroll of enchant armour
 H - a scroll of amnesia
Potions
 f - 2 potions of brilliance
 g - a potion of berserk rage
 j - a potion of degeneration
 q - a potion of resistance
 r - a potion of heal wounds
 s - a potion of lignification {unknown}
 x - a potion of invisibility
 A - a potion of attraction
 I - a potion of flight {unknown}


   Skills:
 - Level 7.1 Fighting
 - Level 6.0 Short Blades
 - Level 4.0 Throwing
 - Level 6.0 Armour
 + Level 5.0 Dodging
 - Level 6.0 Stealth
 - Level 3.0 Invocations
 - Level 4.0 Evocations


You had 9 spell levels left.
You didn't know any spells.
Your spell library contained the following spells:

 Spells                   Type           Power      Damage    Failure   Level
 Frozen Ramparts          Ice            0%         1d1       91%         3
 Ice Form                 Ice/Tmut       0%         N/A       100%        4
 Summon Ice Beast         Ice/Summ       0%         N/A       100%        4


Dungeon Overview and Level Annotations

Branches:
Dungeon (8/15)               Lair (0/5) D:8
 Temple: D:4-7

Altars:
Dithmenos
Hepliaklqana
Qazlal
Ru
Sif Muna
Trog
Uskayaw
Vehumet
Xom
Yredelemnul

Shops:
D:2 ?   D:4 [

Annotations:
D:1 2 transporters


Innate Abilities, Weirdness & Mutations

You have sharp fingernails.
You are partially covered in rugged brown scales. (AC +1, +3% HP)
A demonic guardian rushes to your aid.
You have a pair of small horns on your head.
You possess an exceptional clarity of mind.
You are dopey. (Int -2)
You expend magic power (3 MP) to strengthen your wands.


Message History

The boulder beetle is severely wounded.
The boulder beetle leaps!
The cyclops throws a large rock.
You block the large rock.
Aiming: Mindburst
Press: ? - help, Shift-Dir - straight line, f/p - boulder beetle
Aim: a boulder beetle (severely wounded, chance to affect: 67%)
The boulder beetle struggles to resist.
You don't have any such object.
Fire/throw/use which item? ([*] to toss any item) (? for menu, Esc to quit)
Okay, then.
Aiming: Mindburst
Press: ? - help, Shift-Dir - straight line, f/p - boulder beetle
Aim: a boulder beetle (severely wounded, chance to affect: 64%)
The boulder beetle struggles to resist.
Throw: 16 darts (poison)
Press: ? - help, Q - select action, (/) - cycle Shift-Dir - straight line, f/p - boulder beetle
Aim: a boulder beetle (severely wounded, 91% to hit)
Okay, then.
The cyclops hits you! The phantom attacks as you move away!
The phantom hits you. You block the boulder beetle's attack.
You hit the boulder beetle but do no damage.
You headbutt the boulder beetle, but do no damage.
The boulder beetle is severely wounded.
The phantom hits you but does no damage.
The boulder beetle leaps!
The phantom attacks as you move away!
The phantom hits you but does no damage.
The cyclops barely misses you.
The boulder beetle leaps!
The cyclops throws a large rock.
The large rock completely misses you.
The boulder beetle curls into a ball and begins rolling!
The boulder beetle hits you!!
The boulder beetle stops rolling and uncurls.
The boulder beetle bites you! The phantom attacks as you move away!
The phantom hits you but does no damage.
The boulder beetle curls into a ball and begins rolling!
There is a stone staircase leading up here.
The boulder beetle hits you!!!
You die...

.##..... #.# #.#.#
#.#########.######## ....#
#...........##.....####### #.#†#
####...###...#...........# .##)#
#.####..#.#...........#
..#.#######.####........##......#
.##...............#####.#........
###..#####..###....####...###.##.
....######.## #.@..#......# #.###
###....†...####BW....##.#.###.# #
.##......>.....°...####...##..###
.###...#######.°...# ##........#
.......##### #C....# #>†......#
.###.......###.....# #.......##
.# #.##.##..##9....# #.......#^
.###)##.....°......# #.#######P
###.!####........### ##.### #P


You could see a boulder beetle (rolling), a cyclops, a gargoyle and a phantom.

Vanquished Creatures
  2 two-headed ogres (D:7)
  Pikel (D:5)
  Grinder (D:5)
  A hornet (D:7)
  Sigmund (D:5)
  A shadow (D:7)
  A vampire mosquito (D:7)
  Menkaure (D:6)
  Edmund (D:6)
  An ice beast (D:7)
  3 black bears
  4 ogres
  3 lemures (D:4)
  A kobold brigand (D:7)
  Blork the orc (D:5)
  2 necrophages
  2 scorpions
  5 killer bees (D:7)
  A howler monkey (D:7)
  2 orc priests
  3 jellies
  Crazy Yiuf (D:2)
  2 hounds
  3 iguanas
  Terence (D:3)
  5 orc wizards
  3 adders
  A white imp (D:6)
  2 worms
  2 dart slugs (D:1)
  18 orcs
  9 ball pythons
  12 endoplasms
  5 giant cockroaches
  12 goblins
  12 hobgoblins
  5 quokkas
  8 bats
  3 frilled lizards
  7 kobolds
  3 rats
152 creatures vanquished.

Vanquished Creatures (collateral kills)
  A lemure (D:4)
  An iguana (D:4)
2 creatures vanquished.

Vanquished Creatures (others)
  An orc (D:7)
  13 fungi
  2 toadstools (D:1)
16 creatures vanquished.

Grand Total: 170 creatures vanquished

Notes
Turn   | Place    | Note
-------+----------+-------------------------------------------
     0 | D:1      | Newt the Demonspawn Gladiator began the quest for the Orb.
     0 | D:1      | Reached XP level 1. HP: 16/16 MP: 1/1
    22 | D:1      | Reached skill level 1 in Stealth
    97 | D:1      | Gained mutation: You have sharp fingernails. [demonic
                  | ancestry]
    97 | D:1      | Reached XP level 2. HP: 20/22 MP: 2/2
   536 | D:1      | Reached XP level 3. HP: 27/27 MP: 3/3
  1270 | D:2      | Found a runed translucent door.
  1271 | D:2      | Noticed Crazy Yiuf
  1686 | D:2      | Found Fumuugawk's Magic Scroll Emporium.
  1690 | D:2      | Bought 3 scrolls of identify for 66 gold pieces
  1690 | D:2      | Bought a scroll of identify for 22 gold pieces
  1907 | D:2      | Killed Crazy Yiuf
  1908 | D:2      | Reached skill level 3 in Fighting
  1908 | D:2      | Gained mutation: You are partially covered in rugged brown
                  | scales. (AC +1, +3% HP) [demonic ancestry]
  1908 | D:2      | Reached XP level 4. HP: 21/36 MP: 4/4
  2151 | D:3      | Found a radiant altar of Vehumet.
  2154 | D:3      | Found a bloodstained altar of Trog.
  2157 | D:3      | Found a shimmering blue altar of Sif Muna.
  2171 | D:3      | Found a shimmering altar of Xom.
  2348 | D:3      | Noticed Terence
  2385 | D:3      | Killed Terence
  2386 | D:3      | Reached skill level 4 in Fighting
  2596 | D:3      | Gained mutation: A weak demonic guardian rushes to your
                  | aid. [demonic ancestry]
  2596 | D:3      | Reached XP level 5. HP: 42/43 MP: 5/5
  2860 | D:3      | Identified the ring of Higry {rElec Will+ MP-9 AC+4}
  3136 | D:3      | Found a faded altar of an unknown god.
  3364 | D:4      | Noticed a black bear
  3385 | D:4      | Killed a black bear
  3386 | D:4      | Reached skill level 5 in Fighting
  3386 | D:4      | Reached XP level 6. HP: 39/53 MP: 0/6
  3644 | D:4      | Found Ekoagoux's Antique Armour Emporium.
  3659 | D:4      | Found a basalt altar of Yredelemnul.
  4015 | D:4      | Reached skill level 6 in Fighting
  4708 | D:4      | Reached skill level 7 in Fighting
  4708 | D:4      | Reached XP level 7. HP: 47/61 MP: 0/7
  4776 | D:5      | Entered Level 5 of the Dungeon
  4776 | D:5      | Noticed Pikel
  4776 | D:5      | Found a shadowy altar of Dithmenos.
  5203 | D:5      | Killed Pikel
  5204 | D:5      | Reached skill level 1 in Armour
  5204 | D:5      | Gained mutation: A demonic guardian rushes to your aid.
                  | [demonic ancestry]
  5204 | D:5      | Reached XP level 8. HP: 37/69 MP: 0/8
  5217 | D:5      | Became a worshipper of Dithmenos the Shadowed
  5324 | D:5      | Noticed Blork the orc
  5334 | D:5      | Killed Blork the orc
  5345 | D:5      | Found a hazy altar of Hepliaklqana.
  5694 | D:5      | Noticed Sigmund
  5774 | D:5      | Killed Sigmund
  5842 | D:5      | Found a hide-covered altar of Uskayaw.
  6005 | D:5      | Noticed Grinder
  6031 | D:5      | Killed Grinder
  6089 | D:5      | Reached skill level 5 in Short Blades
  6423 | D:6      | Noticed Menkaure
  6431 | D:6      | Noticed Edmund
  6434 | D:6      | Killed Menkaure
  6443 | D:6      | Killed Edmund
  6444 | D:6      | Reached XP level 9. HP: 36/74 MP: 0/9
  6455 | D:6      | Reached skill level 1 in Evocations
  7570 | D:7      | Gained mutation: You occasionally lose the ability to drink
                  | potions when taking damage. [potion of mutation]
  7570 | D:7      | Gained mutation: You passively map a small area around you.
                  | [potion of mutation]
  7571 | D:7      | Lost mutation: You occasionally lose the ability to drink
                  | potions when taking damage. [potion of mutation]
  7571 | D:7      | Lost mutation: You passively map a small area around you.
                  | [potion of mutation]
  7571 | D:7      | Gained mutation: You expend magic power (3 MP) to
                  | strengthen your wands. [potion of mutation]
  7571 | D:7      | Gained mutation: You have a pair of small horns on your
                  | head. [potion of mutation]
  7571 | D:7      | Gained mutation: You are dopey. (Int -2) [potion of
                  | mutation]
  7571 | D:7      | Gained mutation: You possess an exceptional clarity of
                  | mind. [potion of mutation]
  7639 | D:7      | Found a sacrificial altar of Ru.
  7696 | D:7      | Reached skill level 1 in Invocations
  7851 | D:7      | Noticed a two-headed ogre
  7874 | D:7      | Killed a two-headed ogre
  7875 | D:7      | Reached skill level 5 in Stealth
  7928 | D:7      | Reached * piety under Dithmenos
  7971 | D:7      | Reached skill level 5 in Armour
  8249 | D:7      | HP: 2/74 [something/magic dart (8)]
  8364 | D:7      | Found a stormy altar of Qazlal.
  8499 | D:7      | Noticed a two-headed ogre
  8502 | D:7      | Noticed a komodo dragon
  8503 | D:7      | Noticed a cyclops
  8503 | D:7      | Noticed a gargoyle
  8504 | D:7      | Noticed a boulder beetle
  8512 | D:7      | Killed a two-headed ogre
  8513 | D:7      | Reached XP level 10. HP: 16/81 MP: 0/12
  8817 | D:8      | Found a staircase to the Lair.
  8978 | D:4      | Bought a distressingly furry leather armour for 196 gold
                  | pieces
  8978 | D:4      | Identified the +1 leather armour "Qygromp" {Fly} (You
                  | bought it in a shop on level 4 of the Dungeon)
  8978 | D:4      | Bought a shiny buckler for 210 gold pieces
  9158 | D:7      | Reached skill level 5 in Dodging
  9236 | D:7      | Slain by a boulder beetle

Illustrated notes

Levels and vault maps discovered:
D:1:      spicycebolla_arrival_transporter_tutorial, layout_rooms,
          ebering_dispersal_statue_hall, minmay_gold_behind_fungi
D:2:      layout_loops_ring, serial_shops, shop, uniq_crazy_yiuf_cottage
D:3:      minmay_octagon_keep, layout_loops_corners,
          nicolae_overflow_ecumenical_swirl, grunt_temple_overflow_cloverleaf,
          kennysheep_generic_room_7, uniq_terence
D:4:      layout_loops_ring, mainiacjoe_overflow_concentric_impassable,
          serial_shops, nicolae_shop_overgrown_old_shop, serial_aquarium,
          aquarium_bridge_square [aquarium_subvault_window,
          aquarium_subvault_balcony, aquarium_subvault_bridge,
          aquarium_subvault_bridge], aquarium_window_fake, aquarium_window_fake,
          aquarium_view_2c, aquarium_view_2d, aquarium_pool_1,
          hangedman_feature_mirror, minmay_ogre_servants
D:5:      layout_rooms, grunt_dithmenos_smoke, mainiacjoe_overflow_brackets,
          mainiacjoe_overflow_surrounded_room, grunt_decor_resistance,
          uniq_blork_the_orc, uniq_pikel, uniq_grinder, uniq_sigmund
D:6:      layout_loops_cross, uniq_menkaure, uniq_edmund
D:7:      layout_rooms, nicolae_ru_the_path_less_chosen,
          nicolae_qazlal_scattered_showers, minmay_temple_entry_from_below_a,
          minmay_the_grid_2x2 [minmay_the_grid_aliased_spiral,
          minmay_the_grid_paths, minmay_the_grid_diamond_grid,
          minmay_the_grid_prize_four_corners]
D:8:      layout_basic, david_lair_generic, dreamdust_princess_corridor

Skill      XL: |  1  2  3  4  5  6  7  8  9 10 |
---------------+-------------------------------+-----
Stealth        | 1 2 3 6 |  6.0
Fighting       | 3 4 5 7 |  7.1
Throwing       | 4 |  4.0
Dodging        | 4 5 |  5.0
Armour         | 1 4 6 |  6.0
Short Blades   | 6 |  6.0
Evocations     | 4 |  4.0
Invocations    | 3 |  3.0

Action                   |  1- 3 |  4- 6 |  7- 9 | 10-12 || total
-------------------------+-------+-------+-------+-------++-------
Melee: Rapier            |   145 |   264 |   404 |    55 ||   868
       Punch             |     3 |     1 |    12 |       ||    16
       Headbutt          |       |       |    36 |    22 ||    58
Throw: Throwing net      |     2 |     1 |     1 |       ||     4
       Dart              |       |     7 |     4 |       ||    11
       Javelin           |       |     1 |     1 |       ||     2
Evoke: Wand              |       |       |    16 |     5 ||    21
  Use: Scroll            |    11 |     4 |     6 |     1 ||    22
       Potion            |       |       |     5 |       ||     5
 Stab: Sleeping          |     4 |     6 |     3 |       ||    13
       Held in net/web   |     1 |       |       |       ||     1
       Distracted        |       |       |     1 |       ||     1
Armor: Leather armour    |    37 |    75 |   133 |    48 ||   293
Dodge: Dodged            |    83 |   213 |   329 |    46 ||   671
Block: Buckler           |       |       |       |    13 ||    13

Table legend: (Time is in decaauts)
 A = Elapsed time spent in this place.
 B = Non-inter-level travel time spent in this place.
 C = Inter-level travel time spent in this place.
 D = Time resting spent in this place.
 E = Time spent auto-exploring this place.
 F = Levels seen in this place.
 G = Mean time per level.
                   A        B        C        D        E       F      G
               +--------+--------+--------+--------+--------+-----+--------+
         Total |   9256 |   8925 |    331 |   2508 |   4697 |   8 | 1157.0 |
       Dungeon |   9256 |   8925 |    331 |   2508 |   4697 |   8 | 1157.0 |
               +--------+--------+--------+--------+--------+-----+--------+

Top non-repeatable levels by time:
     D:3: 1700 daAuts
     D:4: 1577 daAuts
     D:7: 1523 daAuts
     D:6: 1270 daAuts
     D:2: 1180 daAuts
     D:5: 1160 daAuts
     D:1: 817 daAuts
     D:8: 25 daAuts
